 Dungeon Crawl Stone Soup version 0.22-a0-422-g9628fc8 (webtiles) character file.

61 galech the Sneak (level 4, -10/34 HPs)
             Began as a Gnoll Wanderer on May 17, 2018.
             Mangled by an ogre
             ... wielding a +0 giant spiked club
              (17 damage)
             ... on level 2 of the Dungeon.
             The game lasted 00:02:02 (1225 turns).

galech the Sneak (Gnoll Wanderer)                   Turns: 1225, Time: 00:02:03

Health: -10/34     AC: 11    Str: 15    XL:     4   Next: 7%
Magic:  5/5        EV:  4    Int: 15    God:
Gold:   68         SH:  4    Dex: 14    Spells: 5/5 levels left

rFire    . . .     SeeInvis .   u - +2 short sword (elec)
rCold    . . .     Gourm    .   k - +0 buckler
rNeg     . . .     Faith    .   l - +0 plate armour
rPois    .         Spirit   .   g - +0 helmet
rElec    .         Reflect  .   (no cloak)
rCorr    .         Harm     .   (no gloves)
MR       .....                  (no boots)
Stlth    ..........             (no amulet)
HPRegen  0.11/turn              t - ring of loudness (curse)
MPRegen  0.09/turn              (no ring)

@: no status effects
A: distributed training, fangs 1, strong nose
a: no special abilities


You were on level 2 of the Dungeon.
You were not hungry.

You visited 1 branch of the dungeon, and saw 2 of its levels.

You collected 68 gold pieces.

Inventory:

Hand Weapons
 a - a +2 dagger
 c - a +0 quarterstaff
 d - a +0 falchion
 u - a +2 short sword of electrocution (weapon)
Armour
 e - a +0 robe
 g - a +0 helmet (worn)
 k - a +0 buckler (worn)
 l - a +0 plate armour (worn)
Jewellery
 t - a cursed ring of loudness (left hand)
Scrolls
 b - 2 scrolls of fear
 h - 2 scrolls of magic mapping
 i - a scroll of noise {unknown}
 j - 2 scrolls of identify {unknown}
 n - a scroll of enchant weapon {unknown}
 p - a scroll of immolation {unknown}
 r - a scroll of fog {unknown}
Potions
 m - a potion of ambrosia {unknown}
 o - 2 potions of degeneration {unknown}
 q - a potion of heal wounds {unknown}
Comestibles
 f - 2 rations


   Skills:
 + Level 2.7 Fighting
 + Level 2.7 Short Blades
 + Level 4.6 Long Blades
 + Level 1.0 Axes
 + Level 1.0 Maces & Flails
 + Level 1.0 Polearms
 + Level 1.0 Staves
 + Level 1.0 Slings
 + Level 1.0 Bows
 + Level 1.0 Crossbows
 + Level 2.7 Throwing
 + Level 1.0 Armour
 + Level 2.7 Dodging
 + Level 6.0 Stealth
 + Level 2.7 Shields
 + Level 1.0 Unarmed Combat
 + Level 1.0 Spellcasting
 + Level 0.7 Conjurations
 + Level 0.7 Hexes
 + Level 0.7 Charms
 + Level 0.7 Summonings
 + Level 0.7 Necromancy
 + Level 0.7 Translocations
 + Level 0.7 Transmutations
 + Level 0.7 Fire Magic
 + Level 0.7 Ice Magic
 + Level 0.7 Air Magic
 + Level 0.7 Earth Magic
 + Level 0.7 Poison Magic
 + Level 1.1 Invocations
 + Level 1.0 Evocations


You had 5 spell levels left.
You didn't know any spells.
Your spell library was empty.

Dungeon Overview and Level Annotations

Branches:
Dungeon (2/15)

Altars:
Trog


Innate Abilities, Weirdness & Mutations

Your experience applies equally to all skills.
You have very sharp teeth.
Your uncanny sense of smell can sniff out nearby items.


Message History

Your plate armour prevents you from hitting the ogre.
The ogre is lightly wounded.
You block the ogre's attack.
You barely miss the ogre.
The ogre is lightly wounded.
The ogre hits you with a giant spiked club!
* * * LOW HITPOINT WARNING * * *
You hit the ogre. Lightning courses through the ogre!
The ogre is severely wounded.
The ogre barely misses you.
You puncture the ogre! Your bite misses the ogre.
The ogre is almost dead.
You closely miss the ogre.
The ogre is almost dead.
The ogre barely misses you.
Your plate armour prevents you from hitting the ogre.
The ogre is almost dead.
The ogre hits you with a giant spiked club!
Ouch! That really hurt!
You die...

##.####........#...........#.....
#.# #........#...........#.....
#.# #........#...........#.....
##.#####...#####...........#.....
#......'...'...............#.....
########...####............###.##
#...# #............###.#. #...#
#............'..... #...#
#.@..........###.#รท #####
#O##....>...## #.#.
#.##....###.#* #.#. #.##....#
#..* #.#. #.##....# ##.* #.#.
*********#.##....# #.#*#.#.
*,,,,,,,,..##....# *..##.#.
*,,,,,,,...##....#####.##.##
*,,,,,,..%.#............#.##


You could see an ogre.

Vanquished Creatures
  4 adders (D:2)
  A leopard gecko (D:2)
  3 giant cockroaches
  4 goblins
  2 hobgoblins (D:1)
  4 kobolds
  A quokka (D:2)
  A ball python (D:2)
  2 bats (D:1)
  3 rats
25 creatures vanquished.

Notes
Turn   | Place    | Note
-------+----------+-------------------------------------------
     0 | D:1      | galech the Gnoll Wanderer began the quest for the Orb.
     0 | D:1      | galech set off with: a +2 dagger, a scroll of fear, a +0 quarterstaff, a +0 falchion, a +0 robe, a ration
     0 | D:1      | Reached XP level 1. HP: 17/17 MP: 1/1
   182 | D:1      | Reached XP level 2. HP: 23/23 MP: 2/2
   557 | D:2      | Reached XP level 3. HP: 25/28 MP: 3/3
   565 | D:2      | Reached skill level 6 in Stealth
   617 | D:2      | Reached skill level 1 in Invocations
   776 | D:2      | Found a faded altar of an unknown god.
   779 | D:2      | Found a bloodstained altar of Trog.
   980 | D:2      | Reached skill level 1 in Axes
   980 | D:2      | Reached skill level 1 in Maces & Flails
   980 | D:2      | Reached skill level 1 in Polearms
   980 | D:2      | Reached skill level 1 in Staves
   980 | D:2      | Reached skill level 1 in Slings
   980 | D:2      | Reached skill level 1 in Bows
   980 | D:2      | Reached skill level 1 in Crossbows
   980 | D:2      | Reached skill level 1 in Armour
   980 | D:2      | Reached skill level 1 in Unarmed Combat
   980 | D:2      | Reached skill level 1 in Spellcasting
   980 | D:2      | Reached skill level 1 in Evocations
   980 | D:2      | Reached XP level 4. HP: 19/34 MP: 5/5
  1208 | D:2      | Noticed an ogre
  1225 | D:2      | Mangled by an ogre

Vault maps used:
D:1:      saegor_arrival_simple_c
D:2:      bloody_trog, lemuel_coloured_pillars_altar, lemuel_round_altar,
          chequers_ecumenical_altar_simple, minmay_stone_trees_small,
          uniq_terence

Skill      XL: |  1  2  3 |
---------------+----------+-----
Stealth        | 6 |  6.0
Invocations    | 1 |  1.1
Axes           | 1 |  1.0
Maces & Flails | 1 |  1.0
Polearms       | 1 |  1.0
Staves         | 1 |  1.0
Slings         | 1 |  1.0
Bows           | 1 |  1.0
Crossbows      | 1 |  1.0
Armour         | 1 |  1.0
Unarmed Combat | 1 |  1.0
Spellcasting   | 1 |  1.0
Evocations     | 1 |  1.0
Fighting       | |  2.7
Short Blades   | |  2.7
Long Blades    | |  4.6
Throwing       | |  2.7
Dodging        | |  2.7
Shields        | |  2.7
Conjurations   | |  0.7
Hexes          | |  0.7
Charms         | |  0.7
Summonings     | |  0.7
Necromancy     | |  0.7
Translocations | |  0.7
Transmutations | |  0.7
Fire Magic     | |  0.7
Ice Magic      | |  0.7
Air Magic      | |  0.7
Earth Magic    | |  0.7
Poison Magic   | |  0.7

Action                   |  1- 3 |  4- 6 || total
-------------------------+-------+-------++-------
Melee: Falchion          |   108 |     9 ||   117
       Bite              |     9 |     1 ||    10
       Short sword       |       |     8 ||     8
  Use: Scroll            |       |     1 ||     1
 Stab: Sleeping          |     1 |       ||     1
  Eat: Chunk             |       |     1 ||     1
Armor: Robe              |     5 |       ||     5
       Plate armour      |    58 |     5 ||    63
Dodge: Dodged            |    46 |     3 ||    49
Block: Buckler           |    13 |     2 ||    15
       Rpst.: Falchion   |    13 |       ||    13

Table legend:
 A = Spawn XP
 B = Non-spawn XP
 C = Spawn XP percentage of total XP
 D = Spawn monster count
 E = Non-spawn monster count
 F = Spawn count percentage of total count
 G = Total turns spent on level
                    A         B        C        D         E        F      G
               +---------+---------+-------+---------+---------+-------+---------
         Total |       0 |      88 |   0.0 |       0 |      25 |   0.0 |  1225
               +---------+---------+-------+---------+---------+-------+---------
           D:1 |       0 |      17 |   0.0 |       0 |      10 |   0.0 |   524
           D:2 |       0 |      71 |   0.0 |       0 |      15 |   0.0 |   701
               +---------+---------+-------+---------+---------+-------+---------
